 Dungeon Crawl Stone Soup version 0.29.1-1-gd02db6906a (webtiles) character file.

Game seed: 17221877170253431083

122 funnyparkerb the Magician (level 5, -2/39 HPs)
             Began as a Djinni Fire Elementalist on Oct 14, 2022.
             Slain by an orc
             ... wielding a +0 hand axe
              (5 damage)
             ... on level 2 of the Dungeon.
             The game lasted 00:02:49 (2650 turns).

funnyparkerb the Magician (DjFE)                    Turns: 2650, Time: 00:02:50

Health: -2/39      AC:  2    Str:  7    XL:     5   Next: 27%
Gold:   130        EV: 12    Int: 18    God:
                   SH:  0    Dex: 14

rFire   + + .      SeeInvis .   i - +0 short sword
rCold   x . .      Faith    +   (no shield)
rNeg    . . .      Spirit   .   a - +0 robe
rPois   ∞          Reflect  .   (no helmet)
rElec   .          Harm     .   (no cloak)
rCorr   .          Rampage  .   (no gloves)
Will    .....                   (boots unavailable)
Stlth   ++........              l - amulet of faith
HPRegen 0.13/turn               (no ring)
MPRegen 0.00/turn               (no ring)

@: flying, very slightly contaminated
A: sickness immunity, fire resistance 2, cold vulnerability 1, float, innate
caster, HP casting, extra vitality 1
a: no special abilities


You were on level 2 of the Dungeon.
You visited 1 branch of the dungeon, and saw 3 of its levels.

You collected 130 gold pieces.

Inventory:

Hand Weapons
 i - a +0 short sword (weapon)
Missiles
 j - 6 curare-tipped darts
Armour
 a - a +0 robe (worn)
 q - a +0 plate armour
Jewellery
 l - an amulet of faith (around neck)
Scrolls
 c - 3 scrolls of teleportation {unknown}
 e - 2 scrolls of identify {unknown}
 f - a scroll of immolation {unknown}
 g - a scroll of summoning {unknown}
 k - a scroll of silence {unknown}
 n - a scroll of blinking {unknown}
 o - a scroll of torment {unknown}
Potions
 b - a potion of heal wounds {unknown}
 d - a potion of resistance {unknown}
 h - 3 potions of curing {unknown}
 m - a potion of attraction {unknown}
 p - a potion of magic {unknown}


   Skills:
 + Level 2.3 Fighting
 - Level 2.1 Dodging
 - Level 1.5 Stealth
 * Level 3.8 Spellcasting


You couldn't memorise any spells.
You knew the following spells:

 Your Spells              Type           Power      Damage    Failure   Level
a - Foxfire               Conj/Fire      68%        2x1d7     3%          1
b - Scorch                Fire           34%        2d6       4%          2
c - Conjure Flame         Conj/Fire      17%        6-21      10%         3
d - Inner Flame           Hex/Fire       17%        N/A       10%         3
e - Flame Wave            Conj/Fire      17%        2d7       30%         4
f - Sting                 Tmut/Pois      68%        1d6       3%          1
g - Ensorcelled Hibernat  Hex/Ice        34%        N/A       4%          2
Your spell library was empty.

Dungeon Overview and Level Annotations

Branches:
Dungeon (3/15)

Altars:


Innate Abilities, Weirdness & Mutations

You are immune to sickness and miasma.
You are immune to poison.
Your flesh is very heat resistant. (rF++)
You are vulnerable to cold. (rC-)
You float through the air rather than walking.
You learn spells naturally, not from books.
Your magical power is your life essence.
You have superior vitality. (+4 MHP)


Message History

Confirm with . or Enter, or press ? or * to list all spells.
You miscast Scorch.
Nothing appears to happen.
The ball python bites you but does no damage.
The ball python constricts you. The orc hits you with a +0 hand axe.
A hobgoblin comes into view.
You escape the ball python's grasp.
There is a stone staircase leading up here.
The ball python barely misses you. x2; The ball python bites you.
The ball python grabs you.
You stop ascending the stairs.
The ball python constricts you. The orc closely misses you.
You escape the ball python's grasp.
The orc hits you with a +0 hand axe.
* * * LOW HITPOINT WARNING * * *
You fly upwards.
There is a stone staircase leading down here.
Casting: Scorch (safe; 4% risk of failure)
Confirm with . or Enter, or press ? or * to list all spells.
Flames lash the ball python.
You kill the ball python!
* * * LOW HITPOINT WARNING * * *
The orc hits you with a +0 hand axe.
* * * LOW HITPOINT WARNING * * *
Casting: Scorch (safe; 4% risk of failure)
Confirm with . or Enter, or press ? or * to list all spells.
Okay, then.
Casting: Scorch (safe; 4% risk of failure)
Confirm with . or Enter, or press ? or * to list all spells.
Okay, then.
Unknown command.
Casting: Scorch (safe; 4% risk of failure)
Confirm with . or Enter, or press ? or * to list all spells.
Aiming: Ensorcelled Hibernation (safe; 4% risk of failure)
Press: ? - help, Shift-Dir - straight line, f - orc
Aim: an orc, wielding a +0 hand axe and wearing a +0 leather armour (lightly wounded, chance to affect: 67%)
The orc looks drowsy...
* * * LOW HITPOINT WARNING * * *
The helpless orc fails to defend itself.
You hit the orc.
The orc is severely wounded.
The orc hits you with a +0 hand axe.
You die...

#........# #......#
###.....(# ######.#
##........# #.# #.........#
#.#
#....###############.#####
#..................#.##...
##....)........."...'.##..)
#)..##).............####...
#.####.))o@.........####...
#............#.............
#####.....(................
#.....#..#.#.....<#....
#.....#......#.##.#.#.#
#.....##.#.....##.#.#.#
#.....##^...........#.#
#.....####.########.#.#
#.....#####...........#


You could see an orc.

Vanquished Creatures
  A hound (D:2)
  4 gnolls (D:2)
  A dart slug (D:1)
  An orc (D:3)
  9 bats
  6 endoplasms
  5 hobgoblins
  5 kobolds
  2 quokkas
  5 ball pythons
  A frilled lizard (D:1)
  5 goblins
  4 rats
49 creatures vanquished.

Vanquished Creatures (others)
  183 foxfires
183 creatures vanquished.

Grand Total: 232 creatures vanquished

Notes
Turn   | Place    | Note
-------+----------+-------------------------------------------
     0 | D:1      | funnyparkerb the Djinni Fire Elementalist began the quest
                  | for the Orb.
     0 | D:1      | funnyparkerb set off with the following spells memorised:
                  | Foxfire, Scorch, Conjure Flame, Inner Flame, Flame Wave.
     0 | D:1      | Reached XP level 1. HP: 15/15 MP: 0/0
   350 | D:1      | Reached XP level 2. HP: 15/22 MP: 0/0
   756 | D:1      | Reached skill level 1 in Fighting
   945 | D:1      | Reached XP level 3. HP: 12/27 MP: 0/0
   945 | D:1      | Learned a level 1 spell: Sting
  1126 | D:1      | Reached skill level 3 in Spellcasting
  1835 | D:2      | Reached XP level 4. HP: 28/33 MP: 0/0
  1969 | D:2      | Reached XP level 5. HP: 21/38 MP: 0/0
  1969 | D:2      | Learned a level 2 spell: Ensorcelled Hibernation
  2650 | D:2      | Slain by an orc

Illustrated notes

Levels and vault maps discovered:
D:1:      minmay_arrival_solitary_statue, layout_basic
D:2:      layout_basic
D:3:      layout_basic, uniq_robin, uniq_terence

Skill      XL: |  1  2  3  4 |
---------------+-------------+-----
Fighting       | 1 2 |  2.3
Spellcasting   | 3 |  3.8
Dodging        | |  2.1
Stealth        | |  1.5

Action                   |  1- 3 |  4- 6 || total
-------------------------+-------+-------++-------
Melee: Short sword       |       |     1 ||     1
 Cast: Foxfire           |    64 |    52 ||   116
       Scorch            |     9 |     5 ||    14
       Ensorcelled Hiber |       |     1 ||     1
 Stab: Sleeping          |       |     1 ||     1
Armor: Robe              |     1 |     2 ||     3
Dodge: Dodged            |       |     6 ||     6
